 Dungeon Crawl Stone Soup version 0.31-a0-152-g6aa68a64a1 (webtiles) character file.

Game seed: 9289282782895224302

114 comborobin the Sneak (level 4, -2/27 HPs)
             Began as a Deep Elf Delver on June 10, 2023.
             Slain by a sleepcap (6 damage)
             ... on level 3 of the Dungeon.
             The game lasted 00:01:02 (244 turns).

comborobin the Sneak (Deep Elf Delver)               Turns: 244, Time: 00:01:02

Health: -2/27      AC:  4    Str:  9    XL:     4   Next: 67%
Magic:  6/6        EV: 12    Int: 15    God:
Gold:   13         SH:  0    Dex: 18    Spells: 3/3 levels left

rFire   . . .        i - +2 dagger (venom)
rCold   . . .        (no shield)
rNeg    . . .        b - +0 leather armour
rPois   .            (no helmet)
rElec   .            (no cloak)
rCorr   .            (no gloves)
SInv    .            d - +0 pair of boots
Will    .....        (no amulet)
Stlth   +++          (no ring)
HPRegen 0.24/turn    (no ring)
MPRegen 0.10/turn

%: no passive effects
@: no status effects
A: no striking features
a: no special abilities


You were on level 3 of the Dungeon.
You visited 1 branch of the dungeon, and saw 4 of its levels.

You collected 13 gold pieces.

Inventory:

Hand Weapons
 a - a +0 short sword
 h - a +0 long sword
 i - a +2 dagger of venom (weapon)
Armour
 b - a +0 leather armour (worn)
 d - a +0 pair of boots (worn)
Wands
 g - a wand of digging (3)
Scrolls
 c - a scroll of fog
 e - a scroll of fear


   Skills:
 - Level 2.4 Fighting
 - Level 2.0 Short Blades
 + Level 5.8 Ranged Weapons
 - Level 2.4 Dodging
 - Level 6.0 Stealth


You had 3 spell levels left.
You didn't know any spells.
Your spell library was empty.

Dungeon Overview and Level Annotations

Branches:
Dungeon (6/15)
 Temple: D:4-7

Altars:
Gozag
Kikubaaqudgha
Okawaru
Qazlal
Uskayaw
The Shining One


Message History

The adder hisses angrily.
The endoplasm quivers.
You hear an angry hiss.
The adder bites you but does no damage.
A ball python comes into view.
The adder bites you.
You hit the adder.
The adder is poisoned.
The adder is moderately wounded.
The adder closely misses you. The ball python bites you.
The ball python grabs you. The ball python constricts you.
You hit the ball python.
You kill the ball python!
The adder bites you but does no damage.
Unknown command.
You hit the adder.
The adder is severely wounded.
The adder barely misses you. The endoplasm closely misses you.
You hit the endoplasm.
The endoplasm is poisoned.
The endoplasm is severely wounded.
You kill the endoplasm!
You kill the adder!
Unknown command.
You see here a ball python corpse.
A sleepcap comes into view.
Found a glowing golden altar of the Shining One and an iron altar of Okawaru.
A sleepcap is nearby!
A sleepcap is nearby!
A hobgoblin comes into view.
Found two altars.
You hit the sleepcap.
The sleepcap is lightly damaged.
The sleepcap releases spores at you.
You are engulfed in a cloud of soporific spores!
You fall asleep.
The sleepcap releases spores at you!!
You wake up.
Ouch! That really hurt!
* * * LOW HITPOINT WARNING * * *
You hit the sleepcap.
The sleepcap is lightly damaged.
The sleepcap releases spores at you.
You die...

. ########.
.........
#..._...###
.._.......
.g.......#
._..8..f.#
.......@.###+#####
......_.##.....#..
...._..........#.#
###............#.#
#.#.
....+.....†....#.#
#...
#####.....##.....#
#..#
#.....#####..#
##..
#.....#####..#
#..#
###+#........#
#...


You could see a sleepcap and a hobgoblin (asleep).

Vanquished Creatures
  Blork the orc (D:4)
  A hound (D:6)
  2 adders
  An orc (D:3)
  A bat (D:3)
  An endoplasm (D:3)
  A ball python (D:3)
8 creatures vanquished.

Notes
Turn   | Place    | Note
-------+----------+-------------------------------------------
     0 | D:5      | comborobin the Deep Elf Delver began the quest for the Orb.
     0 | D:5      | Reached XP level 1. HP: 13/13 MP: 3/3
     8 | D:6      | Noticed a hound
    18 | D:6      | Killed a hound
    19 | D:6      | Reached XP level 2. HP: 18/18 MP: 4/4
    19 | D:6      | Reached XP level 3. HP: 22/22 MP: 5/5
    30 | D:6      | Noticed a sky beast
    59 | D:4      | Noticed Blork the orc
    77 | D:4      | Killed Blork the orc
    78 | D:4      | Reached skill level 5 in Ranged Weapons
    78 | D:4      | Reached XP level 4. HP: 11/27 MP: 6/6
   225 | D:3      | Found an opulent altar of Gozag.
   227 | D:3      | Found a stormy altar of Qazlal.
   237 | D:3      | Found a glowing golden altar of the Shining One.
   237 | D:3      | Found an iron altar of Okawaru.
   238 | D:3      | Found a hide-covered altar of Uskayaw.
   238 | D:3      | Found an ancient bone altar of Kikubaaqudgha.
   244 | D:3      | Slain by a sleepcap

Illustrated notes

Levels and vault maps discovered:
D:3:      layout_basic, grunt_temple_overflow_open, serial_glass,
          glass_columns_a, glass_columns_b, ebering_ecumenical_altar_mist,
          grunt_ministairs_14, minmay_quantized
D:4:      layout_rooms, minmay_temple_entry_nine_rooms, enter_ossuary_4,
          uniq_blork_the_orc
D:5:      layout_basic, grunt_ministairs_12
D:6:      layout_cave_pools, mainiacjoe_overflow_alcove_1,
          nicolae_ru_awakened_eye, serial_column_ruins, column_ruins_open_tiny,
          column_ruins_open_medium, column_ruins_open_tiny,
          column_ruins_open_tiny, column_ruins_corridor_corner,
          column_ruins_columns_water

Skill      XL: |  1  2  3 |
---------------+----------+-----
Ranged Weapons | 3 5 |  5.8
Fighting       | |  2.4
Short Blades   | |  2.0
Dodging        | |  2.4
Stealth        | |  6.0

Action                     |  1- 3 |  4- 6 || total
---------------------------+-------+-------++-------
  Melee: Dagger            |     9 |    11 ||    20
    Use: Potion            |     1 |       ||     1
         Scroll            |     1 |       ||     1
   Stab: Sleeping          |     1 |       ||     1
 Armour: Leather armour    |       |     4 ||     4
  Dodge: Dodged            |     8 |    11 ||    19

Table legend: (Time is in decaauts)
 A = Elapsed time spent in this place.
 B = Non-inter-level travel time spent in this place.
 C = Inter-level travel time spent in this place.
 D = Time resting spent in this place.
 E = Time spent auto-exploring this place.
 F = Levels seen in this place.
 G = Mean time per level.
                   A        B        C        D        E       F      G
               +--------+--------+--------+--------+--------+-----+--------+
         Total |    222 |    214 |      8 |     79 |     43 |   4 |   55.5 |
       Dungeon |    222 |    214 |      8 |     79 |     43 |   4 |   55.5 |
               +--------+--------+--------+--------+--------+-----+--------+

Top non-repeatable levels by time:
     D:3: 150 daAuts
     D:6: 29 daAuts
     D:4: 27 daAuts
     D:5: 14 daAuts
